 Dungeon Crawl Stone Soup version 0.20-a0-656-g9b0dcd9 (webtiles) character file.

10302 Klosterheim the Cleaver (level 11, 0/81 HPs)
             Began as a Demigod Fighter on Feb 17, 2017.
             Slain by a hornet (9 damage)
             ... on level 10 of the Dungeon.
             The game lasted 00:25:44 (17888 turns).

Klosterheim the Cleaver (Demigod Fighter)          Turns: 17888, Time: 00:25:45

Health: 0/81       AC: 17    Str: 21    XL:     11   Next: 12%
Magic:  14/14      EV:  4    Int: 16    God:
Gold:   330        SH: 14    Dex: 15    Spells: 9/10 levels left

rFire    . . .     SeeInvis .   a - +0 war axe
rCold    . . .     Gourm    .   C - +0 plate armour {MR+}
rNeg     . . .     Faith    .   c - +0 shield
rPois    .         Spirit   .   q - +0 helmet
rElec    .         Reflect  +   M - +0 cloak (curse)
rCorr    .         Harm     .   (no gloves)
MR       ++...                  (no boots)
Stlth    ..........             A - +3 amulet of reflection
Regen    0.3/turn               i - ring of stealth
MPRegen  0.2/turn               j - +1 ring of protection

@: lethally poisoned (0 -> -6), very slightly contaminated, hasted, very quick
A: talons 1, high mp 1, shaggy fur 1
a: no special abilities


You were on level 10 of the Dungeon.
You were hungry.

You visited 2 branches of the dungeon, and saw 11 of its levels.

You collected 492 gold pieces.
You spent 162 gold pieces at shops.

Inventory:

Hand Weapons
 a - a +0 war axe (weapon)
Armour
 c - a +0 shield (worn)
 l - a +1 chain mail of fire resistance
 q - a +0 helmet (worn)
 C - a +0 plate armour of magic resistance (worn)
 M - a cursed +0 cloak (worn)
Jewellery
 i - a ring of stealth (right hand)
 j - a +1 ring of protection (left hand)
 A - a +3 amulet of reflection (around neck)
 H - an uncursed ring of fire {unknown}
Wands
 e - a wand of paralysis (0/24)
 s - a wand of flame (0/48)
 D - a wand of polymorph (0/24)
Scrolls
 d - a scroll of teleportation
 h - a scroll of amnesia
 n - a scroll of remove curse
 u - 2 scrolls of immolation {unknown}
 w - 2 scrolls of magic mapping
 x - a scroll of brand weapon {unknown}
 y - a scroll of fear {unknown}
 E - a scroll of identify
 F - a scroll of fog
 G - a scroll of enchant armour {unknown}
 I - a scroll of acquirement {unknown}
 L - a scroll of blinking {unknown}
Potions
 g - a potion of brilliance {unknown}
 m - a potion of heal wounds
 o - a potion of mutation
 t - 2 potions of magic {unknown}
 v - 2 potions of flight {unknown}
 J - a potion of ambrosia {unknown}
Books
 z - a book of Enchantments

   Spells                             Type                      Level
   a - Cause Fear                     Hexes                        4
   b - Yara's Violent Unravelling     Hexes/Transmutation          5
   c - Silence                        Hexes/Air                    5
   d - Deflect Missiles               Charms/Air                   6
   e - Discord                        Hexes                        8
 B - a Young Poisoner's Handbook

   Spells                             Type                      Level
   a - Sting                          Conjuration/Poison           1
   b - Poisonous Vapours              Poison/Air                   2
   c - Mephitic Cloud                 Conjuration/Poison/Air       3
   d - Olgreb's Toxic Radiance        Poison                       4
   e - Venom Bolt                     Conjuration/Poison           5
Comestibles
 b - 4 royal jellies
 f - 5 bread rations


   Skills:
 - Level 2.6 Fighting
 - Level 13.3 Axes
 + Level 6.4 Armour
 + Level 6.5 Shields
 - Level 2.2 Conjurations
 - Level 2.5 Poison Magic


You had 9 spell levels left.
You knew the following spells:

 Your Spells              Type           Power        Failure   Level  Hunger
a - Sting                 Conj/Pois      #...         100%        1    ##.....


Dungeon Overview and Level Annotations

Branches:
Dungeon (10/15)            Temple (1/1) D:5
   Lair: D:8-11         Orc: D:9-12

Shops:
D:4 *


Innate Abilities, Weirdness & Mutations

You have an increased reservoir of magic. (+10% MP)
You have sharp toenails.
You are covered in fur. (AC +1)


Message History

The hornet is heavily wounded.
You block the hornet's attack.
You hit the hornet.
The hornet is severely wounded.
You feel sick.
You closely miss the hornet. Your kick misses the hornet.
The hornet is severely wounded.
You feel sick. The hornet stings you!
* * * LOW HITPOINT WARNING * * *
You feel yourself slow down.
You hit the hornet. Your kick misses the hornet.
The hornet is severely wounded.
You feel yourself speed up.
You feel sick.
The hornet stings you but does no damage.
You block the hornet's attack.
You hit the hornet. You claw the hornet, but do no damage.
The hornet is almost dead.
The hornet stings you!
You die...

########## .........##
########... ###############
#... #..<@yaw.(....####...
####.########...........
#..[..............>.#.##
#.##.####..##.##.##.#.# #.##.#
#..##.##.##.#.# #.##.#
#..##.##.##.#.# ########.##.#
#.....##.##.#.#
<....<....#.####.######.##.#..
.#######..#...##.#............


You could see a soldier ant, a hornet and a worm.

Vanquished Creatures
  A cyclops (D:9)
  A manticore (D:8)
  Psyche (D:8)
  2 trolls
  3 hornets
  A hippogriff (D:9)
  The ghost of ThermosAquaticus the Gusty, an amateur TeAE (D:3)
  Eustachio (D:6)
  7 yaks
  A wyvern (D:8)
  A basilisk (D:8)
  The ghost of Goblin1989 the Cudgeler, an amateur BaFi (D:4)
  3 hungry ghosts
  7 orc warriors
  2 black bears (D:6)
  4 ogres
  3 phantoms
  2 sky beasts (D:8)
  3 centaurs
  A big kobold (D:9)
  Blork the orc (D:4)
  7 bullfrogs
  A scorpion (D:8)
  A wyvern skeleton (D:9)
  15 wights (D:7)
  11 killer bees
  4 howler monkeys (D:9)
  6 crimson imps
  A centaur zombie (D:8)
  A bullfrog skeleton (D:7)
  8 orc priests
  2 jellies (D:8)
  3 quasits (D:8)
  Crazy Yiuf (D:4)
  7 hounds
  A centaur skeleton (D:6)
  Terence (D:2)
  An iguana (D:6)
  6 worker ants
  11 orc wizards
  A killer bee zombie (D:7)
  3 hound zombies
  A hound skeleton (D:8)
  Robin (D:3)
  A worker ant zombie (D:6)
  8 adders
  4 gnolls (D:3)
  A howler monkey skeleton (D:10)
  3 shadow imps
  2 oozes
  An adder skeleton (D:9)
  An adder zombie (D:8)
  6 worms
  5 leopard geckos
  55 orcs
  8 giant cockroaches
  21 goblins
  8 hobgoblins
  11 jackals
  9 quokkas
  8 bats
  7 frilled lizards
  8 kobolds
  A leopard gecko zombie (D:6)
  7 rats
316 creatures vanquished.

Vanquished Creatures (others)
  3 centaurs
  An orc (D:5)
4 creatures vanquished.

Grand Total: 320 creatures vanquished

Notes
Turn   | Place    | Note
-------+----------+-------------------------------------------
     0 | D:1      | Klosterheim the Demigod Fighter began the quest for the Orb.
     0 | D:1      | Reached XP level 1. HP: 18/18 MP: 3/3
    37 | D:1      | Reached skill level 2 in Axes
   218 | D:1      | Reached XP level 2. HP: 20/25 MP: 4/4
   598 | D:1      | Reached skill level 3 in Axes
   761 | D:2      | Noticed Terence
   773 | D:2      | Killed Terence
   773 | D:2      | Reached XP level 3. HP: 26/30 MP: 5/5
  1035 | D:2      | Reached skill level 4 in Axes
  1044 | D:2      | Found a burning altar of Makhleb.
  1162 | D:2      | Reached XP level 4. HP: 37/37 MP: 6/6
  1452 | D:3      | Noticed ThermosAquaticus's ghost (amateur TeAE)
  1473 | D:3      | Killed ThermosAquaticus's ghost
  1473 | D:3      | Reached skill level 5 in Axes
  1473 | D:3      | Reached XP level 5. HP: 10/42 MP: 7/7
  1782 | D:3      | Found an opulent altar of Gozag.
  2025 | D:3      | Reached skill level 6 in Axes
  2043 | D:3      | Reached XP level 6. HP: 29/50 MP: 8/8
  2251 | D:3      | Found a radiant altar of Vehumet.
  2560 | D:3      | Noticed Robin
  2580 | D:3      | Killed Robin
  2994 | D:4      | Noticed Goblin1989's ghost (amateur BaFi)
  3259 | D:4      | Killed Goblin1989's ghost
  3259 | D:4      | Reached skill level 7 in Axes
  3609 | D:4      | Reached XP level 7. HP: 56/56 MP: 9/9
  3858 | D:4      | Noticed Blork the orc
  3866 | D:4      | Killed Blork the orc
  3874 | D:4      | Found Qoxe's Assorted Antiques.
  3879 | D:4      | Bought a bronze scale mail for 162 gold pieces
  3889 | D:4      | Identified the +1 scale mail of the Unbroken {rF+ Int+4} (You bought it in a shop on level 4 of the Dungeon)
  4038 | D:4      | Found a runed door.
  4178 | D:4      | Noticed Crazy Yiuf
  4190 | D:4      | Killed Crazy Yiuf
  4190 | D:4      | Reached skill level 8 in Axes
  4219 | D:5      | Entered Level 5 of the Dungeon
  4273 | D:5      | Found a glowing golden altar of the Shining One.
  4277 | D:5      | Found a blossoming altar of Fedhas.
  4279 | D:5      | Found a staircase to the Ecumenical Temple.
  4489 | Temple   | Entered the Ecumenical Temple
  4921 | D:5      | Found a snail-covered altar of Cheibriados.
  4945 | D:5      | Reached skill level 9 in Axes
  5003 | D:5      | Reached XP level 8. HP: 50/62 MP: 10/10
  5289 | D:5      | Found a hazy altar of Hepliaklqana.
  5327 | D:5      | Found a radiant altar of Vehumet.
  5495 | D:6      | Noticed Eustachio
  5507 | D:6      | Killed Eustachio
  5759 | D:6      | Reached skill level 10 in Axes
  5857 | D:6      | Found a bloodstained altar of Trog.
  6386 | D:7      | Reached skill level 11 in Axes
  6579 | D:7      | Reached XP level 9. HP: 21/68 MP: 11/11
  7435 | D:7      | HP: 2/68 [ogre/giant club (9)]
  7790 | D:7      | Reached skill level 12 in Axes
  8101 | D:7      | Found a hazy altar of Hepliaklqana.
  8855 | D:8      | Gained mutation: You have sharp toenails. [potion of mutation]
  8855 | D:8      | Gained mutation: You are covered in fur. (AC +1) [potion of mutation]
  9272 | D:8      | Noticed Psyche
  9281 | D:8      | Killed Psyche
  9281 | D:8      | Reached skill level 13 in Axes
  9500 | D:8      | Reached XP level 10. HP: 30/74 MP: 13/13
 10081 | D:8      | Found a burning altar of Makhleb.
 10521 | D:9      | Noticed a manticore
 11244 | D:8      | Reached skill level 5 in Shields
 11731 | D:8      | Reached skill level 5 in Armour
 12966 | D:8      | Learned a level 1 spell: Sting
 13076 | D:8      | Killed a manticore
 15096 | D:9      | Reached skill level 1 in Poison Magic
 15099 | D:9      | Reached skill level 1 in Conjurations
 15105 | D:9      | Reached XP level 11. HP: 53/81 MP: 14/14
 17746 | D:10     | Entered Level 10 of the Dungeon
 17888 | D:10     | Slain by a hornet

Vault maps used:
D:1:      evilmike_arrival_crescent
D:2:      bloody_makhleb, uniq_terence
D:3:      kennysheep_goblin_castle, nicolae_overflow_crystal_walls,
          lemuel_statue_altar
D:4:      first_bread, serial_shops, nicolae_shop_stone, uniq_blork_the_orc,
          uniq_crazy_yiuf_cottage
D:5:      nicolae_overflow_hidden_temple, vehumet_altar_wand_db,
          kennysheep_little_box, temple_fountains, gup_sewer_entry_bowl,
          guppyfry_early_orc_mine
D:6:      trog_ov_bears_minmay, uniq_eustachio
D:7:      basic_altar
D:8:      old_standard_altar, uniq_psyche
D:10:     nicolae_trove_entry_columns, minmay_misc_feat_cross,
          hangedman_pestilent_swarm
Temple:   cyrus_circular_temple

Skill      XL: |  1  2  3  4  5  6  7  8  9 10 11 |
---------------+----------------------------------+-----
Axes           | 2 3 4 5 6 7 9 11 13 | 13.3
Armour         | 3 6 |  6.4
Shields        | 3 6 |  6.5
Poison Magic   | 1 2 |  2.5
Conjurations   | 1 2 |  2.2
Fighting       | |  2.6

Action                   |  1- 3 |  4- 6 |  7- 9 | 10-12 || total
-------------------------+-------+-------+-------+-------++-------
Melee: War axe           |   129 |   204 |   677 |   615 ||  1625
       Kick              |       |       |    53 |   171 ||   224
Evoke: Wand              |       |       |    10 |     1 ||    11
  Use: Scroll            |       |     3 |     8 |       ||    11
       Potion            |       |     3 |     6 |     7 ||    16
 Stab: Paralysed         |       |       |     3 |       ||     3
       Invisible         |       |       |     1 |       ||     1
  Eat: Chunk             |     1 |     7 |    24 |    12 ||    44
       Bread ration      |       |       |     2 |       ||     2
       Fruit             |       |       |       |     7 ||     7
       Meat ration       |       |       |       |     3 ||     3
       Royal jelly       |       |       |       |     2 ||     2
Armor: Chain mail        |    73 |   122 |    65 |       ||   260
       Plate armour      |       |       |   265 |   285 ||   550
       Skin              |       |       |    17 |    55 ||    72
Dodge: Dodged            |    27 |    45 |    88 |    74 ||   234
Block: Shield            |    79 |   105 |   383 |   479 ||  1046
       Reflection        |       |       |    16 |    10 ||    26
